AoeStats
← gzlu12345

Arena

509975726Analyzed
1v1 RM · 4d ago on Sep 28, 2026· 39m 1s· 2 players
Game mode
Random Map
Map size
Tiny (2 player)
Population
200
Speed
Normal
Resources
Standard
Victory
Conquest
Starting age
Dark Age
Ending age
Imperial Age
RankedLock teamsTeams togetherTeam positionsShared explorationLock speedFull tech treeHidden civsTurbo modeCheats
Victory
Defeat
🇧🇷 Portuguese · Brazil
762
+25
🇨🇳 Goths · China
722
-14
henriquetsevero
0:32 Loom
12:17 Feudal Age
13:46 Wheelbarrow
12:57 Town Watch
12:56 Horse Collar
13:07 Double-Bit Axe
16:39 Stone Mining
17:08 Gold Mining
24:07 Castle Age
22:14 Man-at-Arms
24:27 Long Swordsman
24:53 Gambesons
26:49 Bow Saw
27:23 Heavy Plow
28:05 Stone Shaft Mining
32:53 Hand Cart
39:43 Imperial Age
gzlu12345
7:41 Loom
14:44 Feudal Age
15:26 Town Watch
15:18 Man-at-Arms
16:08 Double-Bit Axe
16:05 Horse Collar
20:04 Castle Age
20:27 Long Swordsman
23:32 Squires
32:11 Wheelbarrow
31:42 Scale Mail Armor
32:08 Bow Saw
32:14 Heavy Plow
32:08 Gold Mining
38:26 Imperial Age
Connection lost

Rejoining the realm…

Still unreachable

The connection could not be restored.

Session expired

The server has moved on; the page needs a fresh start.